 Dungeon Crawl Stone Soup version 0.26-a0-950-g52035dc9a5 (webtiles) character file.

Game seed: 3273780897444946574

222 ANON1729 the Ruffian (level 5, 0/42 HPs)
             Began as a Draconian Transmuter on Nov 29, 2020.
             Slain by an iguana (13 damage)
             ... on level 2 of the Dungeon.
             The game lasted 00:05:23 (4419 turns).

ANON1729 the Ruffian (Draconian Transmuter)         Turns: 4419, Time: 00:05:24

Health: 0/42       AC:  7    Str: 18    XL:     5   Next: 66%
Magic:  9/9        EV: 13    Int: 15    God:
Gold:   140        SH:  0    Dex: 11    Spells: 3/9 levels left

rFire    . . .     SeeInvis +     - Unarmed
rCold    . . .     Faith    .   (no shield)
rNeg     . . .     Spirit   .   (armour unavailable)
rPois    .         Reflect  .   (helmet restricted)
rElec    .         Harm     .   (no cloak)
rCorr    .         Rampage  .   r - +1 pair of gloves
MR       .....                  (no boots)
Stlth    +.........             (no amulet)
HPRegen  0.14/turn              b - +6 ring of strength
MPRegen  0.11/turn              n - ring of see invisible

@: no status effects
A: unfitting armour, cold-blooded, AC +5
a: no special abilities


You were on level 2 of the Dungeon.
You visited 1 branch of the dungeon, and saw 4 of its levels.

You collected 140 gold pieces.

Inventory:

Missiles
 q - 6 poisoned darts
Armour
 r - a +1 pair of gloves (worn)
Jewellery
 b - a +6 ring of strength (left hand)
 n - a ring of see invisible (right hand)
Wands
 g - a wand of flame (14)
 o - a wand of polymorph (11)
Scrolls
 a - a scroll of fog {unknown}
 c - 3 scrolls of identify {unknown}
 d - 2 scrolls of random uselessness {unknown}
 h - a scroll of blinking {unknown}
 i - a scroll of enchant armour {unknown}
 l - a scroll of amnesia {unknown}
 m - a scroll of teleportation {unknown}
 p - 2 scrolls of noise {unknown}
 s - a scroll of remove curse {unknown}
Potions
 e - 4 potions of mutation {unknown}
 f - a potion of brilliance {unknown}
 j - a potion of invisibility {unknown}
 k - a potion of haste
 t - a potion of heal wounds {unknown}
 u - a potion of cancellation {unknown}


   Skills:
 + Level 2.6 Fighting
 + Level 2.8 Dodging
 * Level 4.1 Unarmed Combat
 + Level 2.8 Spellcasting
 * Level 3.3 Transmutations


You had 3 spell levels left.
You knew the following spells:

 Your Spells              Type           Power        Failure   Level
a - Beastly Appendage     Tmut           ##....       5%          1
b - Wereblood             Tmut           ##......     8%          2
c - Spider Form           Tmut/Pois      #.........   30%         3

Your spell library contained the following spells:

 Spells                   Type           Power        Failure   Level
 Ice Form                 Ice/Tmut       #.......     71%         4
 Blade Hands              Tmut           ##........   82%         5


Dungeon Overview and Level Annotations

Branches:
Dungeon (4/15)
 Temple: D:4-7

Altars:
Ashenzari
Makhleb
Trog
Xom
Yredelemnul


Innate Abilities, Weirdness & Mutations

Your plain brown scales are hard. (AC +5)
You cannot fit into any form of body armour.
You are cold-blooded and may be slowed by cold attacks.


Message History

Aim: an iguana (lightly wounded, will become a howler monkey, a hound, or a worker ant, chance to defeat MR: 54%)
Okay, then.
Unknown command.
The iguana closely misses you.
Evoke which item? (* to show all) (? for menu, Esc to quit)
Okay, then.
Your transformation is almost over.
Your horns disappear.
Your talons disappear.
The iguana hisses menacingly.
There is a stone staircase leading up here.
The iguana bites you!
* * * LOW HITPOINT WARNING * * *
You climb upwards.
There is a stone staircase leading down here.
There is an open door here.
There is an open door here.
There is an open door here.
You see here a +0 club.
The iguana bites you!
You die...

##################
##<.............@.#
..###############l# ..####....###
#.# ..'##.......## #.###
..##.......))# #...#
####....#....## ###.####
####...###..).###......##########
.......#y#._..#....).............
####...###...)#....#..........###


You could see an iguana.

Vanquished Creatures
  A hound (D:3)
  An orc priest (D:3)
  An orc wizard (D:3)
  Jessica (D:2)
  2 adders (D:3)
  An ooze (D:2)
  5 worms (D:2)
  A dart slug (D:2)
  A leopard gecko (D:3)
  8 orcs (D:3)
  A giant cockroach (D:2)
  4 hobgoblins
  7 jackals (D:2)
  A quokka (D:2)
  2 ball pythons
  4 bats
  4 frilled lizards
  6 goblins
  7 kobolds
  8 rats
66 creatures vanquished.

Notes
Turn   | Place    | Note
-------+----------+-------------------------------------------
     0 | D:1      | ANON1729 the Draconian Transmuter began the quest for the
                  | Orb.
     0 | D:1      | Reached XP level 1. HP: 16/16 MP: 3/3
   192 | D:1      | Found a shimmering altar of Xom.
   669 | D:1      | Reached XP level 2. HP: 23/23 MP: 5/5
  1149 | D:2      | Noticed Jessica
  1170 | D:2      | Killed Jessica
  1171 | D:2      | Reached XP level 3. HP: 3/29 MP: 6/6
  1541 | D:2      | Noticed a moth of wrath
  1544 | D:2      | Found a bloodstained altar of Trog.
  1599 | D:2      | HP: 1/29 [worm (15)]
  2034 | D:2      | Noticed Terence
  2056 | D:2      | Reached XP level 4. HP: 5/36 MP: 7/7
  2457 | D:2      | Found a burning altar of Makhleb.
  3142 | D:3      | Found a basalt altar of Yredelemnul.
  3455 | D:3      | Reached XP level 5. HP: 27/42 MP: 7/9
  3559 | D:3      | Found a broken altar of Ashenzari.
  3687 | D:3      | Learned a level 2 spell: Wereblood
  3691 | D:3      | Learned a level 3 spell: Spider Form
  3972 | D:3      | Reached skill level 4 in Unarmed Combat
  4419 | D:2      | Slain by an iguana

Illustrated notes

Levels and vault maps discovered:
D:1:      shiori_shiawase, layout_loops_corners, serial_aquarium,
          aquarium_bridge_straight [aquarium_subvault_bridge,
          aquarium_subvault_window, aquarium_subvault_bridge,
          aquarium_subvault_wall], aquarium_window_corner, aquarium_window_fake,
          aquarium_window_corner, aquarium_view_2c, aquarium_view_2c,
          aquarium_pool_five, xom_teletrap_fun
D:2:      layout_basic, tgw_trog, marbit_many_paths, grunt_decor_arrowhead,
          kennysheep_generic_room_11, uniq_jessica, uniq_terence
D:3:      layout_loops_ring, nicolae_ashenzari_panopticon,
          yredelemnul_altar_generic
D:4:      layout_rooms, kennysheep_little_box, zin_treasury, roderic_lattice_a,
          uniq_robin, uniq_natasha, uniq_menkaure

Skill      XL: |  1  2  3  4  5 |
---------------+----------------+-----
Dodging        | 2 |  2.8
Fighting       | 2 |  2.6
Transmutations | 3 |  3.3
Unarmed Combat | 4 |  4.1
Spellcasting   | |  2.8

Action                   |  1- 3 |  4- 6 || total
-------------------------+-------+-------++-------
Melee: Unarmed           |   114 |   143 ||   257
       Tailslap          |    17 |    14 ||    31
       Kick              |     5 |     8 ||    13
       Headbutt          |     3 |     6 ||     9
       Punch             |       |     1 ||     1
 Cast: Beastly Appendage |     2 |     5 ||     7
 Stab: Sleeping          |     2 |       ||     2
Armor: Skin              |    26 |    47 ||    73
Dodge: Dodged            |    64 |   107 ||   171

Table legend: (Time is in decaauts)
 A = Elapsed time spent in this place.
 B = Non-inter-level travel time spent in this place.
 C = Inter-level travel time spent in this place.
 D = Time resting spent in this place.
 E = Time spent auto-exploring this place.
 F = Levels seen in this place.
 G = Mean time per level.
                   A        B        C        D        E       F      G
               +--------+--------+--------+--------+--------+-----+--------+
         Total |   4405 |   4296 |    109 |   1080 |   2592 |   4 | 1101.2 |
       Dungeon |   4405 |   4296 |    109 |   1080 |   2592 |   4 | 1101.2 |
               +--------+--------+--------+--------+--------+-----+--------+

Top non-repeatable levels by time:
     D:2: 1626 daAuts
     D:1: 1416 daAuts
     D:3: 1315 daAuts
     D:4: 46 daAuts
